 Dungeon Crawl Stone Soup version 0.25.1-8-g42b30a86e7 (webtiles) character file.

Game seed: 3099738770565605641

193 Hopman the Charmwright (level 6, -4/46 HPs)
             Began as a Human Skald on Dec 24, 2020.
             Slain by a kobold
             ... wielding a +0 mace
              (6 damage)
             ... on level 2 of the Dungeon.
             The game lasted 00:09:22 (2940 turns).

Hopman the Charmwright (Human Skald)                Turns: 2940, Time: 00:09:24

Health: -4/46      AC:  3    Str: 13    XL:     6   Next: 3%
Magic:  7/10       EV: 12    Int: 14    God:
Gold:   94         SH:  0    Dex: 12    Spells: 9/10 levels left

rFire    . . .     SeeInvis .   a - +1 mace
rCold    . . .     Gourm    .   (no shield)
rNeg     . . .     Faith    .   b - +0 leather armour
rPois    .         Spirit   .   (no helmet)
rElec    .         Reflect  .   (no cloak)
rCorr    .         Harm     .   (no gloves)
MR       .....                  (no boots)
Stlth    +.........             (no amulet)
HPRegen  0.15/turn              (no ring)
MPRegen  0.12/turn              (no ring)

@: infused (expiring)
A: no striking features
a: no special abilities


You were on level 2 of the Dungeon.
You were not hungry.

You visited 1 branch of the dungeon, and saw 2 of its levels.

You collected 94 gold pieces.

Inventory:

Hand Weapons
 a - a +1 mace (weapon)
Armour
 b - a +0 leather armour (worn)
Jewellery
 h - an uncursed ring of protection from cold {unknown}
Wands
 f - a wand of random effects (20)
Scrolls
 c - a scroll of amnesia {unknown}
 g - a scroll of enchant armour {unknown}
 k - 2 scrolls of enchant weapon
Potions
 e - a potion of stabbing {unknown}
 i - a potion of flight {unknown}
 j - a potion of curing
 l - a potion of lignification {unknown}
 m - a potion of magic {unknown}
 n - a potion of invisibility {unknown}
 o - a potion of heal wounds
Comestibles
 d - 2 rations
 p - 2 chunks of flesh


   Skills:
 + Level 2.9 Fighting
 + Level 2.9 Maces & Flails
 + Level 2.2 Armour
 + Level 3.0 Dodging
 + Level 2.7 Spellcasting
 + Level 3.6 Charms


You had 9 spell levels left.
You knew the following spells:

 Your Spells              Type           Power        Failure   Level  Hunger
a - Infusion              Chrm           ##..         6%          1    #......

Your spell library contained the following spells:

 Spells                   Type           Power        Failure   Level  Hunger
 Song of Slaying          Chrm           ##......     10%         2    ###....
 Shroud of Golubria       Chrm/Tloc      #.....       21%         2    ###....
 Ozocubu's Armour         Chrm/Ice       #.......     36%         3    ###....
 Spectral Weapon          Hex/Chrm       #.......     36%         3    ###....


Dungeon Overview and Level Annotations

Branches:
Dungeon (2/15)

Altars:
Uskayaw

Annotations:
D:2 Sigmund


Message History

The kobold misses you.
You hit the adder!
The adder is almost dead.
Your magical infusion is running out.
The adder bites you.
Sigmund gestures wildly while chanting.
Sigmund flickers and vanishes!
Deactivating autopickup; reactivate with Ctrl-A.
The kobold hits you with a +0 mace. The adder bites you.
You hit the adder.
You kill the adder!
Your Dodging skill increases to level 3!
You have reached level 6!
Your experience leads to an increase in your attributes!
Increase (S)trength, (I)ntelligence, or (D)exterity?
You feel stronger. Something hits you!
* * * LOW HITPOINT WARNING * * *
The kobold hits you with a +0 mace.
You die...

##(..............###..######.#.##
.(.##....##..........#### #...#
.(##..)##............{..# ##.###
..##.#<##.###.###...###<####....#
..##.#....# #.#....####......##.#
..#..#.######..........####..##..
....#..#...............###...(.#.
....#..>.#####.K†{.....##..###...
..#.....## ##..@......##.## ###.
........# ##.(((......##.# .
.#####..####..#######...).# #
.#..(#...##..########.#####
.#..(#........#.......#
.#####.###............#
.............#........#
..._...####.##........# ......##
#.##........#


You could see a kobold.

Vanquished Creatures
  Jessica (D:2)
  An iguana (D:2)
  Natasha (thrice) (D:2)
  2 adders
  3 dart slugs
  A leopard gecko (D:2)
  10 bats
  2 giant cockroaches (D:1)
  5 goblins
  2 hobgoblins (D:1)
  2 jackals (D:2)
  A ball python (D:2)
  2 frilled lizards
  6 kobolds
  6 rats
47 creatures vanquished.

Notes
Turn   | Place    | Note
-------+----------+-------------------------------------------
     0 | D:1      | Hopman the Human Skald began the quest for the Orb.
     0 | D:1      | Reached XP level 1. HP: 16/16 MP: 3/3
    39 | D:1      | You fall into a shaft and drop 1 floor!
   128 | D:1      | Reached XP level 2. HP: 22/22 MP: 5/5
   660 | D:1      | Reached XP level 3. HP: 26/27 MP: 6/6
  1313 | D:2      | Noticed Natasha
  1543 | D:2      | Noticed a +0 hand axe
  1544 | D:2      | Noticed a +0 hand axe
  1610 | D:1      | Reached XP level 4. HP: 19/34 MP: 7/7
  1939 | D:2      | Killed Natasha
  2188 | D:2      | Noticed Natasha
  2197 | D:2      | Killed Natasha
  2197 | D:2      | Reached XP level 5. HP: 27/39 MP: 3/8
  2337 | D:2      | Noticed Jessica
  2345 | D:2      | Killed Jessica
  2524 | D:2      | Noticed Natasha
  2535 | D:2      | Killed Natasha
  2540 | D:2      | Noticed Sigmund
  2825 | D:2      | Found a hide-covered altar of Uskayaw.
  2940 | D:2      | Reached XP level 6. HP: 17/46 MP: 7/10
  2940 | D:2      | HP: 2/46 [something (15)]
  2940 | D:2      | Slain by a kobold

Illustrated notes

Levels and vault maps discovered:
D:1:      sevenhm_arrival_forest_fort_large_4, layout_basic,
          minmay_stone_trees_medium, minmay_heptomino_d4
D:2:      layout_rooms, dancing_weapons_uskayaw, st_stairs_14, trog_book,
          uniq_jessica, uniq_sigmund, uniq_natasha

Skill      XL: |  1  2  3  4  5 |
---------------+----------------+-----
Armour         | 2 |  2.2
Dodging        | 3 |  3.0
Fighting       | |  2.9
Maces & Flails | |  2.9
Spellcasting   | |  2.7
Charms         | |  3.6

Action                   |  1- 3 |  4- 6 || total
-------------------------+-------+-------++-------
Melee: Mace              |   115 |    58 ||   173
 Cast: Infusion          |     2 |     6 ||     8
  Use: Scroll            |       |     3 ||     3
  Eat: Chunk             |     2 |       ||     2
       Ration            |     1 |     1 ||     2
Armor: Leather armour    |    53 |    20 ||    73
Dodge: Dodged            |   118 |    55 ||   173
